 Dungeon Crawl Stone Soup version 0.26.1-2-gb8aa6d0cf2 (webtiles) character file.

Game seed: 7710607311485654063

318 Gadfly the Ducker (level 6, -2/47 HPs)
             Began as a Demonspawn Monk on Feb 11, 2021.
             Slain by a sky beast (5 damage)
             ... on level 5 of the Dungeon.
             The game lasted 00:07:19 (6618 turns).

Gadfly the Ducker (Demonspawn Monk)                 Turns: 6618, Time: 00:07:19

Health: -2/47      AC:  3    Str: 13    XL:     6   Next: 21%
Magic:  6/6        EV: 14    Int: 11    God:
Gold:   181        SH:  0    Dex: 16    Spells: 5/5 levels left

rFire    . . .     SeeInvis .   a - +1 mace (venom)
rCold    + . .     Faith    .   (no shield)
rNeg     . . .     Spirit   .   i - +0 robe
rPois    .         Reflect  .   (no helmet)
rElec    .         Harm     .   (no cloak)
rCorr    .         Rampage  .   m - +0 pair of gloves
Will     .....                  (no boots)
Stlth    ++........             (no amulet)
HPRegen  0.15/turn              (no ring)
MPRegen  0.10/turn              (no ring)

@: no status effects
A: talons 1, cold resistance 1, freezing cloud immunity
a: no special abilities


You were on level 5 of the Dungeon.
You visited 1 branch of the dungeon, and saw 5 of its levels.

You collected 314 gold pieces.
You spent 133 gold pieces at shops.

Inventory:

Hand Weapons
 a - a +1 mace of venom (weapon)
Armour
 i - a +0 robe (worn)
 m - a +0 pair of gloves (worn)
Jewellery
 b - an uncursed ring of wizardry {unknown}
Scrolls
 c - 3 scrolls of identify
 d - a scroll of blinking
 e - a scroll of enchant weapon
 f - 3 scrolls of fog
 h - a scroll of fear
Potions
 g - 2 potions of might
 j - a potion of heal wounds {unknown}
 k - a potion of lignification {unknown}
 l - a potion of flight {unknown}


   Skills:
 - Level 3.0 Fighting
 - Level 2.7 Axes
 - Level 0.7 Armour
 + Level 3.8 Dodging
 - Level 1.7 Stealth
 * Level 3.5 Unarmed Combat
 - Level 0.9 Invocations
 + Level 2.9 Evocations


You had 5 spell levels left.
You didn't know any spells.
Your spell library was empty.

Dungeon Overview and Level Annotations

Branches:
Dungeon (5/15)
 Temple: D:4-7

Altars:
Kikubaaqudgha
Makhleb
Okawaru
Qazlal
Vehumet

Shops:
D:4 ?


Innate Abilities, Weirdness & Mutations

You have sharp toenails.
Your flesh is cold resistant. (rC+)
You are immune to freezing clouds.


Message History

* * * LOW HITPOINT WARNING * * *
Something shocks you.
* * * LOW HITPOINT WARNING * * *
A sky beast appears from thin air!
Reactivating autopickup.
You closely miss the sky beast.
The sky beast is heavily wounded.
The sky beast misses you.
You closely miss the sky beast.
The sky beast is heavily wounded.
The sky beast hits you but does no damage.
You sock the sky beast!
The sky beast is poisoned.
The sky beast is severely wounded.
The sky beast barely misses you.
The sky beast flickers out of sight!
Deactivating autopickup; reactivate with Ctrl-A.
Something hits you but does no damage.
You miss something. You claw something. Something hits you.
* * * LOW HITPOINT WARNING * * *
Something shocks you.
You die...

#.# #... #.#
#.#B### #≈#
#.≈≈≈≈## #.#
#.≈....# #.#
#≈≈≈≈.# ##.#
###..# ###..#
###...##
#...{###...###
#...@....###
#....#####
#....# #....#
#..<.# ######


There were no monsters in sight!

Vanquished Creatures
  An ogre (D:4)
  A hound (D:4)
  A bullfrog skeleton (D:5)
  An orc wizard (D:4)
  5 adders
  2 oozes
  A worm (D:2)
  A dart slug (D:1)
  4 leopard geckos
  14 orcs
  A ball python (D:3)
  4 giant cockroaches
  5 goblins
  5 hobgoblins
  11 jackals
  8 kobolds
  4 bats
  2 frilled lizards (D:4)
  A jackal skeleton (D:4)
  7 rats
79 creatures vanquished.

Vanquished Creatures (others)
  19 plants
19 creatures vanquished.

Grand Total: 98 creatures vanquished

Notes
Turn   | Place    | Note
-------+----------+-------------------------------------------
     0 | D:1      | Gadfly the Demonspawn Monk began the quest for the Orb.
     0 | D:1      | Reached XP level 1. HP: 18/18 MP: 1/1
   410 | D:1      | Gained mutation: You have sharp toenails. [demonic
                  | ancestry]
   410 | D:1      | Reached XP level 2. HP: 23/24 MP: 2/2
   606 | D:1      | Reached skill level 1 in Evocations
   888 | D:1      | Gained mutation: Your flesh is cold resistant. (rC+)
                  | [demonic ancestry]
   888 | D:1      | Reached XP level 3. HP: 21/29 MP: 3/3
  2195 | D:2      | Found a burning altar of Makhleb.
  2238 | D:2      | Reached skill level 1 in Unarmed Combat
  2266 | D:2      | HP: 1/29 [poisoned by an adder]
  3046 | D:2      | Found an ancient bone altar of Kikubaaqudgha.
  3046 | D:2      | Found a radiant altar of Vehumet.
  3081 | D:2      | Reached XP level 4. HP: 14/35 MP: 4/4
  3754 | D:3      | Found an iron altar of Okawaru.
  5321 | D:4      | Found a stormy altar of Qazlal.
  5343 | D:4      | Found Kifef's Magic Scroll Emporium.
  5347 | D:4      | Bought a scroll of blinking for 105 gold pieces
  5347 | D:4      | Bought a scroll of identify for 28 gold pieces
  5430 | D:4      | Reached XP level 5. HP: 26/41 MP: 5/5
  5888 | D:4      | Noticed an ogre
  5894 | D:4      | Killed an ogre
  5979 | D:4      | Gained mutation: You are immune to freezing clouds.
                  | [demonic ancestry]
  5979 | D:4      | Reached XP level 6. HP: 24/47 MP: 6/6
  6431 | D:5      | Entered Level 5 of the Dungeon
  6581 | D:5      | Noticed a sky beast
  6598 | D:5      | HP: 2/47 [something (6)]
  6618 | D:5      | Slain by a sky beast

Illustrated notes

Levels and vault maps discovered:
D:1:      lemuel_arrival_river_ford, layout_basic, serial_forest,
          infiniplex_forest_straight_2, infiniplex_forest_clump_small,
          infiniplex_forest_clump_double, infiniplex_forest_zigzag_1,
          infiniplex_forest_lined_1, infiniplex_forest_clump_long,
          infiniplex_forest_end_3, infiniplex_forest_straight_4,
          infiniplex_forest_straight_3, infiniplex_forest_join
D:2:      layout_basic, lightli_temple_of_fire, gammafunk_temple_overflow_wave,
          serial_bayou, serial_bayou_ford_a, serial_bayou_shore_b,
          serial_bayou_lagoon_a, serial_bayou_shore_a, minmay_split_cup_large
D:3:      layout_loops_corners, okawaru_ov_weapons_minmay,
          kennysheep_generic_room_4
D:4:      layout_basic, serial_shops, nicolae_shop_behind_doors,
          nicolae_qazlal_general_emergency
D:5:      layout_rooms, lemuel_doored_altar, minmay_temple_entry_gardened_gates,
          grunt_ministairs_5, chequers_serial_rivers_micro_d,
          minmay_misc_feat_square, minmay_fractal_squares_5

Skill      XL: |  1  2  3  4  5 |
---------------+----------------+-----
Evocations     | 1 2 |  2.9
Unarmed Combat | 1 2 3 |  3.5
Dodging        | 3 |  3.8
Fighting       | |  3.0
Axes           | |  2.7
Armour         | |  0.7
Stealth        | |  1.7
Invocations    | |  0.9

Action                   |  1- 3 |  4- 6 || total
-------------------------+-------+-------++-------
Melee: Hand axe          |   125 |     8 ||   133
       Kick              |    37 |    34 ||    71
       Unarmed           |    11 |    39 ||    50
       Punch             |     1 |     4 ||     5
       Mace              |       |    86 ||    86
  Use: Potion            |     3 |       ||     3
       Scroll            |     2 |     4 ||     6
 Stab: Sleeping          |     3 |     5 ||     8
Armor: Robe              |    17 |    16 ||    33
Dodge: Dodged            |   113 |    98 ||   211
